 Dungeon Crawl Stone Soup version 0.29.1-15-g9cfb28693d (webtiles) character file.

Game seed: 13171538293512247976

36252 EoN the Gouger (level 13, 0/61 HPs)
             Began as a Felid Transmuter on Apr 22, 2023.
             Was a High Priest of Nemelex Xobeh.
             Slain by a white ugly thing (9 damage)
             ... on level 14 of the Dungeon on Apr 26, 2023.
             The game lasted 04:33:00 (47957 turns).

EoN the Gouger (Felid Transmuter)                  Turns: 47957, Time: 04:33:01

Health: 0/61       AC:  3    Str:  5    XL:     13   Next: 52%
Magic:  24/25      EV: 25    Int: 25    God:    Nemelex Xobeh [*****.]
Gold:   1073       SH:  0    Dex: 20    Spells: 0/27 levels left
                                        Lives:  0   Deaths: 3

rFire   . . .      SeeInvis +     - Unarmed
rCold   + + .      Faith    .   (shield unavailable)
rNeg    . . .      Spirit   .   (body armour unavailable)
rPois   +          Reflect  .   (helmet unavailable)
rElec   +          Harm     .   (cloak unavailable)
rCorr   .          Rampage  .   (gloves unavailable)
Will    +....                   (boots unavailable)
Stlth   +++.......              o - amulet of regeneration
HPRegen 1.00/turn               r - ring of flight
MPRegen 0.19/turn               D - ring "Kelud" {Wiz rElec rPois rC+ Dex+3}

@: flying, quick
A: very small, claws 1, fangs 3, see invisible, speed 1, shaggy fur 3, stealthy
paws, no weapons or thrown items, no armour, multi-lived, clever 1
a: Renounce Religion, Draw Escape, Draw Destruction, Draw Summoning, Triple
Draw, Deal Four, Stack Five


You were on level 14 of the Dungeon.
You worshipped Nemelex Xobeh.
Nemelex Xobeh was extremely pleased with you.
You visited 5 branches of the dungeon, and saw 25 of its levels.

You collected 1949 gold pieces.
You spent 861 gold pieces at shops.
You donated 15 gold pieces to Zin.

Inventory:

Jewellery
 o - an amulet of regeneration (around neck)
 r - a ring of flight (left paw)
 A - a ring of poison resistance
 D - the ring "Kelud" (right paw) {Wiz rElec rPois rC+ Dex+3}
   (You bought it in a shop on level 6 of the Dungeon)

   [ring of wizardry]

   It improves your spell success rate.
   Dex:       It affects your dexterity (+3).
   rC:        It protects you from cold.
   rElec:     It insulates you from electricity.
   rPois:     It protects you from poison.
Wands
 a - a wand of paralysis (12)
 s - a wand of roots (26) (quivered)
 t - a wand of flame (27)
 v - a wand of mindburst (10)
Scrolls
 c - 4 scrolls of amnesia
 f - a scroll of summoning
 g - 6 scrolls of teleportation
 h - a scroll of poison
 i - 3 scrolls of vulnerability
 j - a scroll of magic mapping
 k - 2 scrolls of immolation
 m - 3 scrolls of blinking
 p - 3 scrolls of noise
 y - 2 scrolls of silence
 E - a scroll of butterflies
 H - a scroll of identify
Potions
 b - 6 potions of brilliance
 d - 8 potions of flight
 e - 3 potions of mutation
 l - a potion of ambrosia
 n - 4 potions of curing
 w - 6 potions of invisibility
 x - a potion of haste
 B - 3 potions of might
 C - 2 potions of lignification
 F - a potion of resistance {unknown}
 G - a potion of cancellation {unknown}
Miscellaneous
 q - a phial of floods
 u - a condenser vane


   Skills:
 - Level 10.0 Fighting
 - Level 10.0 Dodging
 - Level 5.0 Stealth
 + Level 14.8 Unarmed Combat
 - Level 7.6 Spellcasting
 - Level 5.5 Hexes
 - Level 7.5 Summonings
 - Level 6.1 Translocations
 + Level 11.4 Transmutations
 - Level 4.4 Ice Magic
 + Level 0.0 Earth Magic
 - Level 10.0 Invocations
 - Level 8.4 Evocations


You couldn't memorise any spells.
You knew the following spells:

 Your Spells              Type           Power      Damage    Failure   Level
a - Beastly Appendage     Tmut           100%       N/A       1%          1
b - Wereblood             Tmut           61%        N/A       1%          2
c - Ice Form              Ice/Tmut       49%        N/A       1%          4
d - Blink                 Tloc           80%        N/A       1%          2
e - Spider Form           Tmut/Pois      38%        N/A       1%          3
f - Summon Guardian Gole  Hex/Summ       42%        N/A       1%          3
g - Summon Cactus Giant   Summ           23%        N/A       17%         6
h - Apportation           Tloc           80%        N/A       1%          1
i - Statue Form           Tmut/Erth      25%        N/A       32%         6

Your spell library contained the following spells:

 Spells                   Type           Power      Damage    Failure   Level
 Freeze                   Ice            100%       1d11      1%          1
 Summon Small Mammal      Summ           100%       N/A       1%          1
 Passwall                 Tmut/Erth      31%        N/A       1%          2
 Call Canine Familiar     Summ           47%        N/A       1%          3
 Confusing Touch          Hex            37%        N/A       1%          3
 Frozen Ramparts          Ice            62%        1d10      1%          3
 Gell's Gravitas          Tloc           40%        N/A       1%          3
 Ignite Poison            Fire/Tmut/Pois 28%        N/A       1%          3
 Lesser Beckoning         Tloc           40%        N/A       1%          3
 Teleport Other           Tloc           40%        N/A       1%          3
 Magic Dart               Conj           36%        1d4       2%          1
 Necrotise                Necr           36%        1d5       2%          1
 Sandblast                Erth           18%        2d7       2%          1
 Inner Flame              Hex/Fire       23%        N/A       2%          3
 Cause Fear               Hex            18%        N/A       2%          4
 Petrify                  Tmut/Erth      38%        N/A       2%          4
 Yara's Violent Unravell  Hex/Tmut       25%        3d11      2%          5
 Scorch                   Fire           18%        2d5       4%          2
 Searing Ray              Conj           18%        2d5       4%          2
 Static Discharge         Conj/Air       9%         3-5/arc   4%          2
 Manifold Assault         Tloc           40%        N/A       6%          5
 Conjure Flame            Conj/Fire      9%         6-21      8%          3
 Stone Arrow              Conj/Erth      18%        3d8       8%          3
 Fulminant Prism          Conj/Hex       11%        3d9       9%          4
 Metabolic Englaciation   Hex/Ice        17%        N/A       9%          5
 Hailstorm                Conj/Ice       20%        3d6       11%         4
 Dispel Undead            Necr           9%         3d8       26%         4
 Flame Wave               Conj/Fire      9%         2d6       26%         4
 Sticky Flame             Conj/Fire      9%         2d3       26%         4
 Simulacrum               Ice/Necr       10%        N/A       80%         6
 Enfeeble                 Hex            18%        N/A       89%         7
 Discord                  Hex            18%        N/A       100%        8


Dungeon Overview and Level Annotations

Branches:
Dungeon (15/15)            Temple (1/1) D:7            Lair (5/5) D:8
  Swamp (1/4) Lair:3       Spider (3/4) Lair:2        Slime (0/5) Lair:4
    Orc (0/2) D:12         Vaults (0/5) D:14
 Depths: D:15

Altars:
Ashenzari
Cheibriados
Dithmenos
Elyvilon
Fedhas
Gozag
Hepliaklqana
Kikubaaqudgha
Makhleb
Nemelex Xobeh
Okawaru
Qazlal
Ru
Sif Muna
Trog
Uskayaw
Vehumet
Wu Jian
Xom
Yredelemnul
Zin
The Shining One
Jiyva

Shops:
D:1 [   D:6 =

Annotations:
D:11 exclusion: boulder beetle
D:14 exclusions: 2 doors and 2 downstairs
D:15 Jorgrun
Lair:1 exclusion: downstairs
Lair:4 exclusions: downstairs and oklob plant
Lair:5 2 exclusions
Spider:1 Arachne
Spider:2 exclusion: 2 upstairs


Innate Abilities, Weirdness & Mutations

You have sharp claws.
You have razor-sharp teeth.
You have supernaturally acute eyesight. (SInv)
You cover ground quickly. (Speed+)
Your thick and shaggy fur keeps you warm. (AC +3, rC+)
Your paws help you pounce on unaware monsters.
You are incapable of wielding weapons or throwing items.
You cannot wear armour.
You gain extra lives every three experience levels.
Your mind is acute. (Int +4, Str/Dex -1)


Message History

The white ugly thing gurgles horribly! x2
The green ugly thing gurgles horribly!
The yaktaur shouts!
The green ugly thing gurgles horribly!
The white ugly thing gurgles horribly!
You hear a horrible gurgling sound!
The white ugly thing gurgles horribly!
You hear a shout!
You hear a horrible gurgling sound!
The white ugly thing closely misses you.
A tengu conjurer comes into view.
The yaktaur wields a +0 arbalest.
The yaktaur shoots a bolt.
The bolt misses you.
The tengu conjurer mumbles some strange words.
The tengu conjurer conjures a globe of magical energy!
The white ugly thing closely misses you.
The white ugly thing tentacle-slaps you!
The white ugly thing freezes you! You resist.
The yaktaur wields a +0 arbalest.
The yaktaur shoots a bolt.
The bolt hits you!!
The cyan ugly thing gurgles horribly!
A battlesphere comes into view.
There is a stone staircase leading up, spattered with blood here.
The green ugly thing gurgles horribly!
The white ugly thing gurgles horribly!
The green ugly thing gurgles horribly!
The yaktaur shoots a bolt.
The bolt misses you.
The cyan ugly thing basks in the mutagenic energy from its kin and changes!
The green ugly thing headbutts you!
* * * LOW HITPOINT WARNING * * *
The white ugly thing barely misses you.
The green ugly thing gurgles horribly!
You hear a shout!
You fly upwards.
The battlesphere dissipates.
Level annotation: exclusions: 2 doors and 2 downstairs
There is a stone staircase leading down here.
Casting: Summon Cactus Giant (quite dangerous; 17% risk of failure)
Confirm with . or Enter, or press ? or * to list all spells.
You blink.
The green ugly thing basks in the mutagenic energy from its kin and changes!
The white ugly thing basks in the mutagenic energy from its kin and changes!
You feel stable enough to blink again. The white ugly thing tail-slaps you!
* * * LOW HITPOINT WARNING * * *
The white ugly thing freezes you! You resist.
You die...
Your body glows slightly and disappears.

#..# #..# #.#
#.. #..# #..#
#.# #.. #..#
#..# #.# #..
#..# #..# #R#
#.. #..# #..#
#§# #.. #..#
#..# #†# #..
#..# #..####.#
#..
#..####.......#
#..
#.u@..........#
#..
#........####^#
#.. #........#
#.# #..
######..u.....#
#.# #..
#...[...u.....#
#.# #..
#####.....>...#
#.# #..
#....>....# #.#
#.. #.........#
#.# #..
#.........# #.#
#..


You could see 3 ugly things.

Vanquished Creatures
  An entropy weaver (Spider:1)
  A hydra (Lair:5)
  The ghost of errorslol the Slicer, a journeyman MfTm of the Shining One (D:10)
  A centaur warrior (D:15)
  A catoblepas (Lair:5)
  2 death yaks (Lair:5)
  A pharaoh ant (Spider:1)
  2 orb spiders
  A wizard (D:10)
  A lindwurm (Lair:5)
  2 necromancers (D:14)
  5 wolf spiders
  A torpor snail (Lair:3)
  11 elephants
  3 black mambas (Lair:5)
  4 rime drakes
  6 kobold demonologists
  An unseen horror (D:11)
  5 cane toads
  2 komodo dragons
  3 demonic crawlers (Spider:1)
  3 meliai (Spider:1)
  3 polar bears
  8 tarantellas (Spider:1)
  A slime creature (D:11)
  Prince Ribbit (D:7)
  Grinder (D:5)
  2 hornets
  A blink frog (shapeshifter) (D:13)
  5 blink frogs (Lair:4)
  8 dream sheep
  13 jumping spiders
  A jumping spider (shapeshifter) (D:14)
  4 culicivoras
  A shadow (D:9)
  5 wyverns
  Eustachio (D:5)
  24 yaks
  4 basilisks (Lair:5)
  A steam dragon (D:8)
  3 vampire mosquitoes
  17 redbacks (Spider:1)
  Edmund (D:4)
  A swamp worm (Lair:3)
  An acid dragon (Lair:5)
  11 water moccasins
  Duvessa (D:4)
  2 ice beasts
  4 orc warriors
  5 black bears (Lair:3)
  2 swamp drakes (Lair:5)
  An ogre (D:6)
  17 wolves
  10 kobold brigands
  14 bullfrogs
  A necrophage (D:6)
  4 gnoll sergeants
  A scorpion (D:3)
  3 wights (D:6)
  Dowan (D:4)
  3 killer bees
  5 electric eels
  4 howler monkeys
  13 orc priests
  6 jellies
  4 gnoll boudas
  Crazy Yiuf (D:4)
  A hound (D:7)
  Terence (D:3)
  A hell rat (Lair:5)
  4 iguanas
  16 orc wizards
  40 gnolls
  10 adders
  4 river rats
  3 ufetubi
  A worm (D:3)
  2 dart slugs
  41 orcs
  4 endoplasms
  11 giant cockroaches
  12 goblins
  8 hobgoblins
  22 kobolds
  5 quokkas
  3 ball pythons
  9 bats
  5 frilled lizards
  6 rats
487 creatures vanquished.

Vanquished Creatures (collateral kills)
  A broodmother (Lair:5)
  A radroach (Spider:1)
  A boulder beetle (Lair:4)
  A catoblepas (Lair:5)
  A sun moth (Spider:1)
  A steelbarb worm (Spider:1)
  A lindwurm (Lair:5)
  A wolf spider (Spider:2)
  3 manticores
  A cane toad (Lair:4)
  A demonic crawler (Spider:1)
  An efreet (D:14)
  4 tarantellas (Spider:2)
  4 dream sheep (Lair:4)
  A jumping spider (Spider:1)
  A culicivora (Spider:1)
  3 redbacks (Spider:1)
  An acid dragon (D:12)
  3 wolves (Lair:4)
31 creatures vanquished.

Vanquished Creatures (others)
  An emperor scorpion (Spider:1)
  A dire elephant (Lair:5)
  6 hydras
  Erica (Lair:1)
  8 two-headed ogres
  3 death yaks
  A pharaoh ant (Spider:1)
  A steelbarb worm (Lair:2)
  A lindwurm (Lair:3)
  14 ugly things (D:14)
  A manticore (D:13)
  4 cyclopes
  3 black mambas
  A gargoyle (D:10)
  6 cane toads
  3 komodo dragons
  A kobold demonologist (D:9)
  2 rime drakes (Lair:5)
  A tengu conjurer (D:14)
  2 ice devils (D:11)
  3 trolls
  7 polar bears (Lair:3)
  A hornet (D:11)
  2 slime creatures (D:11)
  2 tarantellas (Spider:1)
  A dream sheep (Lair:5)
  2 centaur simulacra (D:14)
  A jumping spider (Spider:1)
  4 culicivoras
  A shadow (D:13)
  2 wyverns
  A wraith (D:13)
  12 yaks
  3 redbacks (Spider:1)
  7 vampire mosquitoes
  A water moccasin (Lair:2)
  4 orc warriors
  4 black bears (Lair:3)
  2 wolves (Lair:4)
  2 kobold brigands (D:10)
  An orc wizard (D:12)
  5 orcs (D:12)
  64 fungi
  171 plants
364 creatures vanquished.

Grand Total: 882 creatures vanquished

Notes
Turn   | Place    | Note
-------+----------+-------------------------------------------
     0 | D:1      | EoN the Felid Transmuter began the quest for the Orb.
     0 | D:1      | Reached XP level 1. HP: 9/9 MP: 4/4
   209 | D:1      | Reached XP level 2. HP: 12/12 MP: 6/6
   483 | D:1      | Found Wokan's Armour Emporium.
   669 | D:1      | Reached XP level 3. HP: 15/16 MP: 5/7
   816 | D:1      | Learned a level 2 spell: Wereblood
  1119 | D:2      | Reached skill level 4 in Unarmed Combat
  2382 | D:3      | Reached XP level 4. HP: 20/20 MP: 6/8
  2431 | D:3      | You fall into a shaft and drop 1 floor!
  2450 | D:4      | Noticed Edmund
  2492 | D:4      | Noticed Duvessa
  2499 | D:4      | Noticed Dowan
  3058 | D:3      | Found a glowing silver altar of Zin.
  3059 | D:3      | Found a glowing golden altar of the Shining One.
  3065 | D:3      | Became a worshipper of Zin the Law-Giver
  3065 | D:3      | Reached * piety under Zin
  3129 | D:3      | Fell from the grace of Zin
  3163 | D:3      | Noticed Terence
  3890 | D:3      | Learned a level 4 spell: Ice Form
  3949 | D:5      | Entered Level 5 of the Dungeon
  3963 | D:5      | Noticed a scorpion
  4845 | D:3      | Killed a scorpion
  4846 | D:3      | Reached XP level 5. HP: 17/24 MP: 9/9
  7108 | D:5      | Found a blossoming altar of Fedhas.
  7145 | D:5      | Noticed Grinder
  7271 | D:4      | Found a runed translucent door.
  7272 | D:4      | Noticed Crazy Yiuf
  8173 | D:7      | Reached skill level 5 in Unarmed Combat
  8173 | D:7      | Gained mutation: You are covered in thick fur. (AC +2)
                  | [Felid growth]
  8173 | D:7      | Reached XP level 6. HP: 23/28 MP: 8/10
  8232 | D:7      | Noticed Prince Ribbit
  8803 | D:7      | Gained mutation: Your mind is acute. (Int +4, Str/Dex -1)
                  | [potion of mutation]
  8808 | D:7      | Reached skill level 1 in Stealth
  8898 | D:7      | Found a staircase to the Ecumenical Temple.
  8903 | Temple   | Entered the Ecumenical Temple
  8903 | Temple   | Found a transporter.
  8903 | Temple   | Found a transporter.
  8905 | Temple   | Found a transporter.
  8905 | Temple   | Found a transporter.
  8954 | Temple   | Became a worshipper of Nemelex Xobeh the Trickster
  9100 | D:6      | Reached skill level 1 in Invocations
  9404 | D:6      | HP: 1/29 [gnoll/+0 spear (8)]
  9405 | D:6      | Slain by a gnoll
  9406 | D:6      | Reached XP level 5. HP: -2/25 MP: 9/9
  9457 | D:6      | Reached XP level 6. HP: 19/30 MP: 8/10
 10093 | D:6      | Reached skill level 5 in Fighting
 10244 | D:5      | Noticed Eustachio
 14458 | D:6      | Found Viymmeci's Jewellery Shop.
 14471 | D:6      | Noticed a water moccasin
 14666 | D:5      | Reached skill level 6 in Unarmed Combat
 14666 | D:5      | Reached XP level 7. HP: 30/33 MP: 11/11
 15773 | D:7      | Noticed a two-headed ogre
 15807 | D:8      | Noticed a steam dragon
 15816 | D:8      | Killed a steam dragon
 15817 | D:8      | Reached skill level 5 in Dodging
 15823 | D:8      | Noticed a yak
 16048 | D:8      | Reached XP level 8. HP: 37/37 MP: 10/12
 16402 | D:8      | Learned a level 2 spell: Blink
 16428 | D:9      | Reached skill level 7 in Unarmed Combat
 16434 | D:9      | Noticed a two-headed ogre
 16462 | D:9      | Noticed a troll
 16513 | D:9      | Noticed a two-headed ogre
 16544 | D:9      | Noticed a hornet
 16545 | D:9      | Noticed a kobold demonologist
 16555 | D:10     | Entered Level 10 of the Dungeon
 16559 | D:10     | Killed a hornet
 16560 | D:10     | Reached skill level 5 in Invocations
 16759 | D:9      | Reached skill level 5 in Transmutations
 16801 | D:9      | Noticed a hornet
 16813 | D:9      | Killed a hornet
 16814 | D:9      | Reached skill level 1 in Ice Magic
 16826 | D:8      | Reached * piety under Nemelex Xobeh
 16827 | D:8      | Found an iron altar of Okawaru.
 16878 | D:8      | Reached skill level 8 in Unarmed Combat
 16891 | D:8      | Reached XP level 9. HP: 16/40 MP: 11/13
 16925 | D:8      | Found a staircase to the Lair.
 17309 | D:9      | Found a viscous altar of Jiyva.
 17420 | D:9      | Noticed a kobold demonologist
 17421 | D:9      | Noticed a kobold demonologist
 17428 | D:9      | Noticed a rust devil
 18608 | D:5      | Killed Grinder
 18656 | D:5      | Learned a level 3 spell: Spider Form
 19579 | D:5      | Killed Eustachio
 19580 | D:5      | Reached skill level 9 in Unarmed Combat
 19682 | D:4      | Killed Edmund
 19801 | D:4      | Killed Crazy Yiuf
 19802 | D:4      | Reached skill level 5 in Stealth
 20001 | D:3      | Killed Terence
 20161 | D:4      | Killed Duvessa
 20255 | D:4      | Killed Dowan
 20359 | D:7      | Killed Prince Ribbit
 20449 | D:7      | Received a gift from Nemelex Xobeh
 20731 | D:8      | Reached XP level 10. HP: 16/44 MP: 10/15
 22331 | Lair:1   | Entered Level 1 of the Lair of Beasts
 22336 | Lair:1   | Noticed a six-headed hydra
 22444 | Lair:1   | Reached ** piety under Nemelex Xobeh
 22485 | Lair:1   | Noticed a black mamba
 22556 | Lair:1   | Noticed a cane toad
 22642 | Lair:1   | Noticed Erica
 22794 | D:8      | Reached skill level 1 in Hexes
 22794 | D:8      | Reached skill level 1 in Translocations
 23014 | D:9      | Reached skill level 1 in Summonings
 23100 | D:10     | Found a runed translucent gate.
 23101 | D:10     | Found a runed translucent gate.
 23126 | D:10     | Found a runed translucent gate.
 23130 | D:10     | Noticed errorslol's ghost (journeyman MfTm)
 23181 | D:10     | Identified the +6 rapier "Myula" {spect, rC+ Will+}
 23252 | D:10     | Noticed a wizard
 23426 | D:10     | Noticed a gargoyle
 23875 | D:10     | Killed a wizard
 24190 | D:9      | Reached skill level 5 in Hexes
 24190 | D:9      | Reached skill level 5 in Translocations
 24529 | D:11     | Reached *** piety under Nemelex Xobeh
 24535 | D:11     | Noticed a two-headed ogre
 25080 | D:11     | Reached XP level 11. HP: 26/47 MP: 17/17
 25120 | D:11     | Noticed a two-headed ogre
 25499 | D:8      | Learned a level 3 spell: Summon Guardian Golem
 25884 | D:9      | Killed a two-headed ogre
 25885 | D:9      | Reached skill level 10 in Unarmed Combat
 26005 | D:9      | Killed a two-headed ogre
 26374 | D:11     | Killed a two-headed ogre
 26762 | D:11     | Noticed a two-headed ogre
 26773 | D:11     | Killed a two-headed ogre
 27327 | D:11     | Received a gift from Nemelex Xobeh
 27346 | D:11     | Noticed a boulder beetle
 27870 | D:11     | Killed a two-headed ogre
 28007 | D:11     | Reached skill level 11 in Unarmed Combat
 28427 | D:12     | Noticed a two-headed ogre
 28473 | D:12     | Killed a two-headed ogre
 28565 | D:12     | Reached **** piety under Nemelex Xobeh
 28822 | D:12     | Gained mutation: Your thick and shaggy fur keeps you warm.
                  | (AC +3, rC+) [Felid growth]
 28822 | D:12     | Reached XP level 12. HP: 54/54 MP: 14/18
 29109 | D:12     | Noticed a five-headed hydra
 29202 | D:12     | Killed a five-headed hydra
 29843 | D:12     | Found a staircase to the Orcish Mines.
 30017 | D:7      | Killed a two-headed ogre
 30136 | D:6      | Bought the ring "Kelud" {Wiz rElec rPois rC+ Dex+3} for 861
                  | gold pieces
 30677 | D:10     | Killed errorslol's ghost
 30842 | Lair:1   | Killed Erica
 30905 | Lair:1   | Killed a six-headed hydra
 30906 | Lair:1   | Reached skill level 12 in Unarmed Combat
 32075 | Lair:2   | Reached skill level 10 in Dodging
 32183 | Lair:2   | Noticed an eight-headed hydra
 32429 | Lair:2   | Killed an eight-headed hydra
 33003 | Lair:2   | Reached skill level 10 in Fighting
 33080 | Lair:2   | Reached XP level 13. HP: 61/61 MP: 17/21
 33144 | Lair:2   | Reached skill level 10 in Invocations
 33259 | Lair:2   | Received a gift from Nemelex Xobeh
 33260 | Lair:2   | Found a hole to the Spider Nest.
 33716 | Lair:3   | Reached skill level 1 in Evocations
 34408 | Lair:3   | Received a gift from Nemelex Xobeh
 34476 | Lair:3   | Found a staircase to the Swamp.
 35325 | Lair:4   | Found a broken altar of Ashenzari.
 35601 | Lair:4   | Received a gift from Nemelex Xobeh
 35855 | Lair:4   | Identified the +1 long sword of the Demagogue {holy, rElec
                  | Str-3 Int+2}
 35898 | Lair:4   | Reached ***** piety under Nemelex Xobeh
 35921 | Lair:4   | Found a staircase to the Slime Pits.
 35973 | Lair:4   | Reached skill level 13 in Unarmed Combat
 36232 | Lair:4   | Received a gift from Nemelex Xobeh
 36320 | Lair:3   | Reached skill level 5 in Evocations
 36709 | Lair:5   | Entered Level 5 of the Lair of Beasts
 37437 | Lair:5   | Noticed a broodmother
 37437 | Lair:5   | an eight-headed hydra changed into a broodmother
 37449 | Lair:5   | Killed a broodmother
 37550 | Lair:5   | Received a gift from Nemelex Xobeh
 37615 | Lair:5   | Reached XP level 14. HP: 66/66 MP: 18/22
 38288 | Lair:5   | Reached skill level 14 in Unarmed Combat
 38935 | Lair:5   | Reached skill level 10 in Transmutations
 41496 | D:14     | Received a gift from Nemelex Xobeh
 42673 | D:14     | Reached skill level 5 in Spellcasting
 42774 | D:14     | Found a gate to the Vaults.
 43211 | D:15     | Entered Level 15 of the Dungeon
 43211 | D:15     | Received a gift from Nemelex Xobeh
 43390 | D:15     | Noticed Jorgrun
 43473 | D:14     | Learned a level 6 spell: Summon Cactus Giant
 43730 | Spider:1 | Entered Level 1 of the Spider Nest
 43807 | Spider:1 | Noticed an emperor scorpion
 44109 | Spider:1 | Killed an emperor scorpion
 44110 | Spider:1 | Reached XP level 15. HP: 69/69 MP: 11/23
 44375 | Spider:1 | Identified the -2 quarterstaff of the Grave {freeze, Int+4}
 44387 | Spider:1 | Reached skill level 5 in Summonings
 45289 | Spider:1 | Received a gift from Nemelex Xobeh
 45522 | Spider:1 | Learned a level 1 spell: Apportation
 46449 | Spider:1 | Learned a level 6 spell: Statue Form
 46763 | Spider:2 | Noticed Arachne
 46871 | Spider:2 | Mangled by Arachne
 46872 | Spider:2 | Reached XP level 14. HP: -8/66 MP: 25/26
 47509 | Spider:1 | Killed from afar by Arachne
 47510 | Spider:1 | Reached XP level 13. HP: 0/61 MP: 21/25
 47673 | Swamp:1  | Entered Level 1 of the Swamp
 47673 | Swamp:1  | Noticed an eleionoma
 47957 | D:14     | Slain by a white ugly thing

Illustrated notes

Levels and vault maps discovered:
D:1:      minmay_arrival_stone_box, layout_rooms, serial_shops,
          nicolae_square_shop, fountainhead, minmay_worlds_worst_comb
D:2:      layout_loops_ring
D:3:      layout_basic, gammafunk_temple_overflow_statue,
          serial_co_window_serial, co_window_corner_a, co_window_paths_a,
          co_window_paths_b, co_window_corner_a, co_window_corner_a,
          co_window_cross_1, co_window_paths_a, co_window_corner_b,
          co_window_unsneaky_path_b, co_window_corner_ca, co_window_corner_b,
          co_window_corner_cb, co_window_corner_b, glass_columns_b,
          glass_columns_c, glass_columns_b, serial_bayou_pond_a,
          small_statue_intersection, minmay_misc_feat_hallway, hex_medium,
          minmay_misc_feat_cross, uniq_terence
D:4:      layout_cave_pools, uniq_edmund, uniq_crazy_yiuf_cottage, uniq_duvessa
D:5:      wad_woods_stonehenge, layout_cave_pools, uniq_eustachio, uniq_grinder
D:6:      layout_loops_cross, serial_shops, shop, minmay_ogre_servants
D:7:      layout_cave_pods, minmay_temple_entry_arrows, nicolae_grassy_gnolls,
          uniq_prince_ribbit1
D:8:      layout_basic, okawaru_gym_becter, lair_entry_dummy
D:9:      layout_irregular_city, jiyva_altar_1
D:10:     layout_gridville, gammafunk_ghost_nasty_kobolds,
          hangedman_decor_clover_reticule, mrwooster_statue_mirror
D:11:     layout_stronghold, portal_ice_cave_demonic_guard
D:12:     layout_roguey, david_orc_4
D:13:     layout_basic, nrook_uturn
D:14:     layout_long_grid, david_vaults_1, kennysheep_another_room
D:15:     hangedman_depths_entry_civil_slaughter, layout_basic,
          chequers_big_river, wad_hexagon, uniq_jorgrun, uniq_roxanne
Temple:   hellmonk_temple_divided_pantheon
Lair:1:   layout_cave_pods, uniq_erica
Lair:2:   layout_loops_ring, hellmonk_spider_entry_life_and_decay
Lair:3:   beast_lair_carwin_large_4, layout_cave_pods, minmay_swamp_entry_worms,
          grunt_megastairs_5, infiniplex_staircase_pool_2
Lair:4:   layout_hall_layers, slime_entry_1, basic_altar
Lair:5:   hangedman_lair_in_review, layout_misc_corridors,
          guppyfry_lair_end_dragon, disabler_island
Swamp:1:  layout_basic_swamp, nicolae_swamp_fairy_circle, nicolae_swamp_treefoil
Spider:1: layout_spider_delve
Spider:2: layout_spider_delve, nicolae_spider_eight_legs, uniq_arachne
Spider:3: layout_spider_delve, guppyfry_spider_mini_1

Skill      XL: |  1  2  3  4  5  6  7  8  9 10 11 12 13 14 15 |
---------------+----------------------------------------------+-----
Fighting       | 2 3 4 5 7 10 | 10.0
Unarmed Combat | 4 5 6 8 9 11 12 13 14 | 14.8
Transmutations | 3 5 8 11 | 11.4
Stealth        | 1 5 |  5.0
Invocations    | 2 4 5 6 7 9 10 | 10.0
Dodging        | 3 5 6 9 10 | 10.0
Ice Magic      | 2 4 |  4.4
Hexes          | 5 |  5.5
Translocations | 5 6 |  6.1
Summonings     | 4 7 |  7.5
Evocations     | 6 8 |  8.4
Spellcasting   | 5 7 |  7.6

Action                   |  1- 3 |  4- 6 |  7- 9 | 10-12 | 13-15 || total
-------------------------+-------+-------+-------+-------+-------++-------
Melee: Unarmed           |   116 |   304 |   310 |   393 |   583 ||  1706
       Headbutt          |    19 |    63 |    33 |    28 |    10 ||   153
       Bite              |     8 |    34 |    23 |    21 |     9 ||    95
       Punch             |     1 |    12 |    11 |     8 |     8 ||    40
 Cast: Beastly Appendage |    35 |    83 |    33 |    33 |    22 ||   206
       Wereblood         |       |     4 |    11 |    10 |     5 ||    30
       Ice Form          |       |       |    22 |    47 |   101 ||   170
       Blink             |       |       |     8 |     6 |    34 ||    48
       Spider Form       |       |       |     7 |     1 |       ||     8
       Summon Guardian G |       |       |       |   118 |   185 ||   303
       Summon Cactus Gia |       |       |       |       |     6 ||     6
       Apportation       |       |       |       |       |     2 ||     2
Invok: Renounce Religion |       |     1 |       |       |       ||     1
       Draw Destruction  |       |       |       |     3 |    33 ||    36
       Draw Summoning    |       |       |       |     1 |    20 ||    21
       Draw Escape       |       |       |       |     1 |     4 ||     5
 Abil: End Transformatio |       |       |    23 |    37 |    84 ||   144
Evoke: Wand              |       |       |     7 |       |     2 ||     9
  Use: Scroll            |       |    11 |     3 |     5 |    10 ||    29
       Potion            |       |     9 |     4 |       |     7 ||    20
 Stab: Sleeping          |     2 |     1 |     1 |     1 |     2 ||     7
       Distracted        |       |     1 |       |       |     2 ||     3
       Paralysed         |       |       |    12 |       |       ||    12
       Confused          |       |       |       |       |     1 ||     1
Armor: Skin              |     4 |    20 |    37 |    46 |   125 ||   232
Dodge: Dodged            |    70 |   266 |   239 |   287 |   554 ||  1416
